AoeStats
← saschauli

Arena

509920779Analyzed
1v1 RM · 5d ago on Sep 28, 2026· 43m 10s· 2 players
Game mode
Random Map
Map size
Tiny (2 player)
Population
200
Speed
Normal
Resources
Standard
Victory
Conquest
Starting age
Dark Age
Ending age
Imperial Age
RankedLock teamsTeams togetherTeam positionsShared explorationLock speedFull tech treeHidden civsTurbo modeCheats
Victory
Defeat
🇲🇽 Persians · Mexico
933
+20
🇩🇪 Poles · Germany
953
-17
KadabRa
7:58 Loom
10:04 Feudal Age
10:50 Double-Bit Axe
16:20 Fletching
32:18 Castle Age
30:33 Horse Collar
32:39 Crossbowman
33:28 Bodkin Arrow
41:03 Imperial Age
41:15 Guard Tower
43:10 Chemistry
42:23 Capped Ram
saschauli
10:28 Feudal Age
11:45 Loom
11:42 Man-at-Arms
12:43 Forging
24:03 Castle Age
37:33 Fletching
40:54 Bodkin Arrow
Connection lost

Rejoining the realm…

Still unreachable

The connection could not be restored.

Session expired

The server has moved on; the page needs a fresh start.